 Dungeon Crawl Stone Soup version 0.19.1 (webtiles) character file.

8836 shmeve the Cleaver (level 11, -8/102 HPs)
             Began as a Minotaur Berserker on Nov 25, 2016.
             Was a High Priest of Trog.
             Mangled by a basilisk (9 damage)
             ... on level 10 of the Dungeon.
             The game lasted 00:13:10 (5977 turns).

shmeve the Cleaver (Minotaur Berserker)             Turns: 5977, Time: 00:13:11

Health: -8/102     AC: 15    Str: 28    XL:     11   Next: 15%
Magic:  10/10      EV: 14    Int:  4    God:    Trog [*****.]
Gold:   491        SH:  0    Dex: 16    Spells: 0 memorised, 10 levels left

rFire  . . .     SeeInvis .     G - +5 battleaxe (freeze) (curse)
rCold  + . .     Gourm    .     k - +0 chain mail {rC+}
rNeg   . . .     Faith    .     (shield currently unavailable)
rPois  .         Spirit   .     (helmet restricted)
rElec  .         Reflect  .     C - +0 cloak
rCorr  .         Harm     .     J - +2 pair of gloves {Str+3}
MR     ++...                    (no boots)
Stlth  ..........               b - amulet of regeneration
                                I - +3 ring of dexterity
                                d - +3 ring of dexterity

@: regenerating
A: retaliatory headbutt, horns 2
a: Berserk, Trog's Hand, Brothers in Arms, Burn Spellbooks, Renounce Religion


You were on level 10 of the Dungeon.
You worshipped Trog.
Trog was extremely pleased with you.
You were near starving.

You visited 1 branch of the dungeon, and saw 10 of its levels.
You also visited: Ossuary.

You collected 491 gold pieces.

Inventory:

Hand Weapons
 g - a +0 hand axe of electrocution
 G - a cursed +5 battleaxe of freezing (weapon)
Missiles
 E - 3 tomahawks (quivered)
 H - 9 javelins of penetration
Armour
 k - a +0 chain mail of cold resistance (worn)
 C - a +0 cloak (worn)
 J - a +2 pair of gloves of strength (worn)
Jewellery
 b - an amulet of regeneration (around neck)
 d - a +3 ring of dexterity (left hand)
 e - an uncursed ring of protection from magic
 I - a +3 ring of dexterity (right hand)
 K - an uncursed ring of protection from fire
Wands
 F - a wand of flame (20/48)
 M - a wand of paralysis (4/24)
Scrolls
 f - 14 scrolls of identify {unknown}
 i - 3 scrolls of magic mapping {unknown}
 l - 8 scrolls of remove curse {unknown}
 n - a scroll of teleportation {unknown}
 o - a scroll of enchant armour {unknown}
 u - 2 scrolls of fog {unknown}
 x - a scroll of acquirement {unknown}
 y - a scroll of random uselessness {unknown}
 B - a scroll of enchant weapon {unknown}
 L - a scroll of amnesia {unknown}
 P - a scroll of fear {unknown}
Potions
 a - a potion of lignification {unknown}
 j - 5 potions of curing
 m - 2 potions of haste {unknown}
 p - 3 potions of degeneration {unknown}
 s - 5 potions of magic {unknown}
 t - 3 potions of invisibility {unknown}
 v - 3 potions of heal wounds {unknown}
 w - a potion of mutation {unknown}
 z - a potion of agility {unknown}
 A - a potion of resistance {unknown}
 O - a potion of berserk rage {unknown}
Comestibles
 c - 5 bread rations
 h - 5 meat rations
 q - 2 fruits
 r - 2 slices of pizza
 D - a beef jerky


   Skills:
 * Level 11.2 Fighting
 * Level 11.5 Axes
 + Level 6.2 Throwing
 + Level 8.7 Armour
 + Level 7.9 Dodging


You had 10 spell levels left.
You didn't know any spells.

Dungeon Overview and Level Annotations

Branches:
Dungeon (10/15)            Temple (0/1) D:4
   Lair: D:8-11         Orc: D:9-12

Altars:
Trog
Uskayaw


Innate Abilities, Weirdness & Mutations

You reflexively headbutt those who attack you in melee.
You have a pair of horns on your head.


Message History

Your skin crawls.
You feel resistant to hostile enchantments.
You are near starving!
The yak gores you.
* * * LOW HITPOINT WARNING * * *
The crocodile bites you but does no damage.
The worker ant bites you but does no damage.
The basilisk bites you!
* * * LOW HITPOINT WARNING * * *
The basilisk barely misses you. You furiously retaliate!
You headbutt the basilisk!
You kill the basilisk!
Trog accepts your kill. The yak gores you but does no damage.
You start eating one of the 2 fruits.
The yak gores you.
* * * LOW HITPOINT WARNING * * *
The worker ant misses you. You furiously retaliate!
You headbutt the worker ant. The crocodile closely misses you.
The basilisk bites you!
You die...

#. #.# #.#.#.
#.##.###.....
..####.#......... .
..........##...###.#.
....................
###.##.#..##........
...........ooY.....#
.........##aY#.##.#.
#.#..#..#Tt@Yt.....
#..<...Yr#lr##.#.
#......#..#ol#lYr..
....##<#......rr##...
#.. ..#..#..#... .. #
####..#..#.... .
...##.#...... ......
.P..... .#


You could see 5 yaks, a troll, 3 basilisks, 2 crocodiles, 2 porcupines, a worker
ant, 2 orc wizards, 3 river rats and an orc.

Vanquished Creatures
  The ghost of tizzy the Carver, a novice DsFi of Okawaru (D:9)
  A hill giant (D:8)
  A troll (D:7)
  2 hippogriffs
  A wyvern (D:8)
  10 yaks
  A hungry ghost (D:9)
  2 basilisks
  A water moccasin (D:9)
  A hornet zombie (D:9)
  2 orc warriors
  4 sky beasts
  A necrophage (D:9)
  An ice beast (D:9)
  5 ogres
  A phantom (D:7)
  The ghost of tizzy the Slasher, an amateur DsGl (D:3)
  5 centaurs
  2 crocodiles (D:10)
  3 big kobolds
  4 bullfrogs
  2 wyvern skeletons
  10 scorpions
  8 killer bees
  3 wights (D:7)
  A howler monkey (D:6)
  4 crimson imps
  2 bullfrog zombies (D:5)
  4 centaur zombies
  4 human zombies (Ossuary)
  4 orc priests
  A jelly (D:6)
  7 orc wizards
  2 bullfrog skeletons
  4 hounds
  An iguana (D:7)
  5 worker ants
  Ijyb (D:2)
  A killer bee zombie (D:4)
  2 big kobold zombies (Ossuary)
  A hound skeleton (D:7)
  3 mummies (Ossuary)
  Robin (D:3)
  A worker ant zombie (D:8)
  A scorpion zombie (Ossuary)
  4 gnolls (D:3)
  5 adders
  2 river rats (D:10)
  A shadow imp (D:8)
  An ooze (D:3)
  2 adder zombies
  A worm (D:2)
  A dart slug (D:5)
  5 leopard geckos
  32 orcs
  9 giant cockroaches
  2 gnoll zombies (Ossuary)
  22 goblins
  4 hobgoblins
  15 jackals
  16 kobolds
  5 quokkas
  2 ball pythons (D:3)
  4 bats
  5 frilled lizards
  3 hobgoblin zombies (Ossuary)
  A kobold zombie (Ossuary)
  A quokka skeleton (D:6)
  43 rats
309 creatures vanquished.

Notes
Turn   | Place    | Note
-------+----------+-------------------------------------------
     0 | D:1      | shmeve the Minotaur Berserker began the quest for the Orb.
     0 | D:1      | Reached XP level 1. HP: 19/19 MP: 0/0
   143 | D:1      | Reached XP level 2. HP: 25/27 MP: 1/1
   478 | D:2      | Reached skill level 1 in Throwing
   568 | D:2      | Noticed Ijyb
   581 | D:2      | Killed Ijyb
   581 | D:2      | Reached XP level 3. HP: 33/33 MP: 2/2
   673 | D:2      | Reached ** piety under Trog
   709 | D:2      | Noticed a dagger
   711 | D:2      | Noticed a hand axe
   725 | D:2      | Found a hide-covered altar of Uskayaw.
  1010 | D:2      | Found a bloodstained altar of Trog.
  1048 | D:2      | Reached XP level 4. HP: 41/41 MP: 3/3
  1171 | D:3      | Noticed Robin
  1182 | D:3      | Killed Robin
  1238 | D:3      | Noticed tizzy's ghost (amateur DsGl)
  1248 | D:3      | Killed tizzy's ghost
  1248 | D:3      | Reached XP level 5. HP: 47/47 MP: 4/4
  1250 | D:3      | Reached skill level 5 in Fighting
  1326 | D:3      | Reached *** piety under Trog
  1336 | D:3      | Reached skill level 5 in Axes
  1456 | D:3      | Noticed a sky beast
  1464 | D:3      | Killed a sky beast
  1464 | D:3      | Reached XP level 6. HP: 37/56 MP: 5/5
  1714 | D:3      | Reached **** piety under Trog
  1940 | D:4      | Found a staircase to the Ecumenical Temple.
  2340 | D:5      | Entered Level 5 of the Dungeon
  2346 | D:5      | Reached XP level 7. HP: 59/62 MP: 6/6
  2510 | D:5      | Reached skill level 5 in Armour
  2563 | D:5      | You fall through a shaft!
  2602 | D:6      | Found a sand-covered staircase.
  2608 | Ossuary  | Entered an ossuary
  2682 | Ossuary  | Reached ***** piety under Trog
  2711 | Ossuary  | Reached XP level 8. HP: 67/71 MP: 7/7
  2780 | Ossuary  | Received a gift from Trog
  3056 | D:6      | Reached skill level 5 in Dodging
  3208 | D:6      | Noticed a hippogriff
  3219 | D:6      | Killed a hippogriff
  3662 | D:6      | Reached XP level 9. HP: 81/81 MP: 8/8
  4423 | D:7      | Noticed a troll
  4429 | D:7      | Killed a troll
  4636 | D:7      | Reached skill level 5 in Throwing
  4993 | D:8      | Reached XP level 10. HP: 92/92 MP: 9/9
  4994 | D:8      | Noticed a hill giant
  5001 | D:8      | Killed a hill giant
  5001 | D:8      | Received a gift from Trog
  5001 | D:8      | Reached skill level 10 in Axes
  5107 | D:8      | Reached skill level 10 in Fighting
  5437 | D:9      | Received a gift from Trog
  5474 | D:9      | Noticed tizzy's ghost (novice DsFi)
  5484 | D:9      | Killed tizzy's ghost
  5668 | D:9      | Received a gift from Trog
  5801 | D:9      | Reached XP level 11. HP: 102/102 MP: 10/10
  5945 | D:10     | Entered Level 10 of the Dungeon
  5967 | D:10     | Received a gift from Trog
  5977 | D:10     | HP: 1/102 [yak (6)]
  5977 | D:10     | Mangled by a basilisk

Skill      XL: |  1  2  3  4  5  6  7  8  9 10 |
---------------+-------------------------------+-----
Fighting       | 4 5 6 8 9 11 | 11.2
Throwing       | 1 2 3 4 5 6 |  6.2
Axes           | 4 5 6 8 9 11 | 11.5
Armour         | 3 4 5 6 7 8 |  8.7
Dodging        | 3 4 5 6 7 |  7.9

Action                   |  1- 3 |  4- 6 |  7- 9 | 10-12 || total
-------------------------+-------+-------+-------+-------++-------
Melee: Hand axe          |    62 |   150 |   208 |       ||   420
       Headbutt          |    11 |    22 |    65 |    18 ||   116
       Battleaxe         |       |       |    44 |    87 ||   131
Throw: Tomahawk          |       |       |     4 |     9 ||    13
Invok: Berserk           |       |     2 |     1 |     1 ||     4
       Burn Spellbooks   |       |     1 |       |     2 ||     3
       Trog's Hand       |       |       |       |     1 ||     1
  Eat: Chunk             |       |     6 |    10 |     3 ||    19
Armor: Chain mail        |    20 |    60 |   146 |    82 ||   308
       Animal skin       |     4 |       |       |       ||     4
Dodge: Dodged            |    41 |    64 |   136 |   101 ||   342
